 Dungeon Crawl Stone Soup version 0.18-a0-1784-ga939a68 (webtiles) character file.

1421 Murumi the Blocker (level 9, -3/64 HPs)
             Began as a Formicid Fighter on Apr 18, 2016.
             Killed from afar by frankiefran's ghost (16 damage)
             ... with a stone arrow
             ... on level 6 of the Dungeon.
             The game lasted 00:57:37 (5169 turns).

Murumi the Blocker (Formicid Fighter)               Turns: 5169, Time: 00:57:37

Health: -3/64      AC: 11    Str: 33    XL:     9   Next: 2%
Magic:  18/18      EV: 10    Int:  8    God:
Gold:   28         SH: 12    Dex: 10    Spells: 0 memorised, 8 levels left

rFire  . . .     SeeInvis +     f - +0 hunting sling
rCold  . . .     Gourm    .     b - +0 scale mail
rNeg   . . .     Faith    .     c - +0 shield
rPois  .         Spirit   .     (helmet unavailable)
rElec  .         Dismiss  .     v - +0 cloak
rCorr  .         Reflect  .     (no gloves)
SustAt .         Harm     .     h - +2 pair of boots
MR     .....                    (no amulet)
Stlth  ..........               g - ring of magical power
                                u - +4 ring of strength

@: mighty, not resistant to hostile enchantments, extremely unstealthy
A: permanent stasis, dig shafts and tunnels, four strong arms, antennae 3
a: Dig, Shaft Self


You were on level 6 of the Dungeon.
You were not hungry.

You visited 2 branches of the dungeon, and saw 7 of its levels.

You collected 386 gold pieces.
You spent 358 gold pieces at shops.

Inventory:

Hand Weapons
 e - a +0 long sword
 f - a +0 hunting sling (weapon)
Missiles
 i - 103 sling bullets
 l - 268 stones (quivered)
Armour
 b - a +0 scale mail (worn)
 c - a +0 shield (worn)
 h - a +2 pair of boots (worn)
 v - a +0 cloak (worn)
Jewellery
 g - a ring of magical power (right hand)
 u - a +4 ring of strength (left hand)
Scrolls
 q - 3 scrolls of remove curse
 y - 2 scrolls of fear
 z - a scroll of enchant armour
 A - a scroll of magic mapping
 B - 3 scrolls of identify
Potions
 a - a potion of brilliance
 d - 2 potions of might
 k - 2 potions of resistance
 m - a potion of agility
 n - a potion of flight
 p - a potion of magic
 r - a potion of curing
Comestibles
 j - a slice of pizza
 o - a fruit
 s - 7 bread rations
 t - 3 meat rations
 w - 2 chunks of flesh
 x - a beef jerky


   Skills:
 - Level 3.2 Fighting
 + Level 5.5 Long Blades
 - Level 7.0 Slings
 - Level 3.2 Armour
 - Level 8.3 Shields


You had 8 spell levels left.
You didn't know any spells.

Dungeon Overview and Level Annotations

Branches:
Dungeon (6/15)             Temple (1/1) D:4

Altars:
Ashenzari
Dithmenos
Fedhas
Gozag
Kikubaaqudgha
Makhleb
Nemelex Xobeh
Okawaru
Pakellas
Qazlal
Ru
Sif Muna
Vehumet
Yredelemnul
The Shining One

Shops:
D:5 ?

Annotations:
D:6 frankiefran's ghost, novice TrEE


Innate Abilities, Weirdness & Mutations

You are under a permanent stasis effect.
You can dig through walls and to a lower floor.
Your four strong arms can wield two-handed weapons with a shield.
You have a pair of large antennae on your head (SInv).


Message History

You shoot a stone. The stone hits frankiefran's ghost!
Frankiefran's ghost is severely damaged.
Frankiefran's ghost casts a spell at you.
The rocky blast misses you.
Firing (i - inventory. (,) - cycle):
l - 270 stones (quivered)
Press: ? - help, Shift-Dir - straight line, f/p - frankiefran's ghost
Aim: frankiefran's ghost, wielding a weapon of venom (severely damaged)
You shoot a stone.
The stone closely misses frankiefran's ghost.
Frankiefran's ghost completely misses you.
Frankiefran's ghost says, "A rolling stone gathers plenty of Murumi."
Firing (i - inventory. (,) - cycle):
l - 269 stones (quivered)
Press: ? - help, Shift-Dir - straight line, f/p - frankiefran's ghost
Aim: frankiefran's ghost, wielding a weapon of venom (severely damaged)
You shoot a stone.
The stone barely misses frankiefran's ghost.
Frankiefran's ghost says, "Let nature run its course against you!"
Frankiefran's ghost casts a spell at you.
The stone arrow hits you!
You die...

#....... #.......
###...... #....... #
#... #......##.#
#...#####........
##..(...........#
#...... #....@#
#...>.( #....### #
#...... ##.W###(# .#
#......###..## _.# #(#
######.......## #'#..#
{........##....##
##(.#
...####.###....###..##
. #....#
####..#...#### #.####
##..........


You could see frankiefran's ghost.

Vanquished Creatures
  3 ogres
  6 big kobolds (D:5)
  A giant frog (D:6)
  A crimson imp (D:5)
  A hound (D:6)
  2 giant frog skeletons
  An orc priest (D:4)
  2 iguanas (D:5)
  3 orc wizards (D:5)
  3 worker ants
  Robin (D:3)
  6 gnolls (D:5)
  5 adders
  A shadow imp (D:5)
  An ooze (D:3)
  An adder zombie (D:5)
  An adder skeleton (D:4)
  4 worms
  3 dart slugs
  5 giant geckos
  13 orcs
  2 ball pythons
  8 bats
  8 giant cockroaches
  34 hobgoblins
  11 jackals
  6 quokkas
  5 giant newts
  35 goblins
  A jackal skeleton (D:5)
  11 kobolds
  9 rats
194 creatures vanquished.

Vanquished Creatures (others)
  A kobold (D:5)
  A quokka (D:6)
  3 plants (D:5)
5 creatures vanquished.

Grand Total: 199 creatures vanquished

Notes
Turn   | Place    | Note
--------------------------------------------------------------
     0 | D:1      | Murumi the Formicid Fighter began the quest for the Orb.
     0 | D:1      | Reached XP level 1. HP: 18/18 MP: 1/1
    61 | D:1      | Reached skill level 4 in Shields
    78 | D:1      | Reached XP level 2. HP: 24/24 MP: 2/2
   877 | D:2      | Reached XP level 3. HP: 26/29 MP: 3/3
  1042 | D:2      | Reached XP level 4. HP: 34/35 MP: 4/4
  1518 | D:3      | Reached skill level 5 in Shields
  1586 | D:3      | Noticed Robin
  1603 | D:3      | Killed Robin
  1649 | D:3      | Reached XP level 5. HP: 41/41 MP: 5/5
  2173 | D:3      | Reached skill level 1 in Slings
  2245 | D:4      | Found a blossoming altar of Fedhas.
  2379 | D:4      | Noticed an ogre
  2384 | D:4      | Killed an ogre
  2384 | D:4      | Reached XP level 6. HP: 17/47 MP: 6/6
  2685 | D:4      | Found a sacrificial altar of Ru.
  2780 | D:4      | Found a staircase to the Ecumenical Temple.
  2789 | Temple   | Entered the Ecumenical Temple
  3213 | D:5      | Entered Level 5 of the Dungeon
  3300 | D:5      | Reached XP level 7. HP: 50/52 MP: 7/7
  3319 | D:5      | Reached skill level 5 in Slings
  3410 | D:5      | Found an oddly glowing altar of Pakellas.
  3474 | D:5      | Found Irea's Magic Scroll Boutique.
  3502 | D:5      | Bought a scroll of fear for 52 gold pieces
  3502 | D:5      | Bought a scroll of enchant armour for 112 gold pieces
  3786 | D:5      | Reached skill level 6 in Shields
  3931 | D:5      | Reached XP level 8. HP: 44/58 MP: 8/8
  3952 | D:5      | Reached skill level 7 in Shields
  3974 | D:5      | Reached skill level 5 in Long Blades
  4274 | D:5      | Bought a scroll of fear for 52 gold pieces
  4274 | D:5      | Bought a scroll of identify for 30 gold pieces
  4274 | D:5      | Bought a scroll of magic mapping for 52 gold pieces
  4486 | D:5      | Reached skill level 8 in Shields
  4678 | D:5      | Bought a scroll of identify for 30 gold pieces
  4678 | D:5      | Bought a scroll of identify for 30 gold pieces
  5112 | D:6      | Reached XP level 9. HP: 60/64 MP: 9/9
  5142 | D:6      | Found a sparkling altar of Nemelex Xobeh.
  5143 | D:6      | Noticed frankiefran's ghost (novice TrEE)
  5152 | D:6      | HP: 2/64 [frankiefran's ghost/stone arrow (12)]
  5169 | D:6      | Killed from afar by frankiefran's ghost

Vault maps used:
D:1:      minmay_arrival_stone_box, kennysheep_nondescript
D:2:      kennysheep_generic_room_11
D:3:      first_bread, uniq_robin
D:4:      nicolae_ru_path_of_blood, fedhas_altar_1,
          minmay_temple_entry_statues_pillars
D:5:      minmay_goblin_kobold_castle, basic_altar, serial_shops, shop,
          lexackson_kobold_supper
D:6:      grunt_temple_overflow_order_and_chaos_1, elyvilon_altar_4,
          nemelex_diamond_rough_becter, uniq_prince_ribbit1
Temple:   circular_temple_pool_12

Skill      XL: |  1  2  3  4  5  6  7  8 |
---------------+-------------------------+-----
Shields        | 4 5 6 8 |  8.3
Long Blades    | 3 4 5 |  5.5
Slings         | 3 4 6 7 |  7.0
Fighting       | |  3.2
Armour         | |  3.2

Action                   |  1- 3 |  4- 6 |  7- 9 || total
-------------------------+-------+-------+-------++-------
Melee: Long sword        |    95 |   247 |   260 ||   602
 Fire: Hunting sling     |       |    55 |   131 ||   186
 Abil: Dig               |       |     5 |     2 ||     7
  Use: Scroll            |     3 |     6 |     3 ||    12
       Potion            |       |       |     4 ||     4
  Eat: Chunk             |     1 |     8 |     6 ||    15
Armor: Scale mail        |    38 |   110 |    93 ||   241
Dodge: Dodged            |    25 |    94 |    80 ||   199
Block: Shield            |    53 |   155 |   160 ||   368
